 Dungeon Crawl Stone Soup version 0.21.1-1-g345015f (webtiles) character file.

1452 inc the Magician (level 8, -11/46 HPs)
             Began as an Octopode Conjurer on June 8, 2018.
             Was an Initiate of Gozag.
             Mangled by a hornet (17 damage)
             ... on level 7 of the Dungeon.
             The game lasted 00:15:03 (7197 turns).

inc the Magician (Octopode Conjurer)                Turns: 7197, Time: 00:15:03

Health: -11/46     AC:  3    Str: 11    XL:     8   Next: 75%
Magic:  17/27      EV: 13    Int: 23    God:    Gozag
Gold:   831        SH:  5    Dex: 13    Spells: 14/20 levels left

rFire    + . .     SeeInvis .   g - +1 dagger (drain)
rCold    + + .     Gourm    .   h - +0 buckler
rNeg     . . .     Faith    .   p - +1 hat "Jiymmit" {rPois}
rPois    +         Spirit   .   (no amulet)
rElec    .         Reflect  .   f - +1 ring of protection
rCorr    .         Harm     .   l - +4 ring of intelligence
MR       .....                  t - ring of protection from cold
Stlth    ++........             i - ring "Peughil" {rF+ rC+ Str+4 Stlth-}
HPRegen  0.15/turn              v - ring of magical power
MPRegen  0.20/turn              (no ring)
                                (no ring)
                                (no ring)

@: no status effects
A: almost no armour, stealthy swim, amphibious, 8 rings, constrict 8, camouflage
1, gelatinous body 1
a: Potion Petition, Call Merchant, Bribe Branch, Renounce Religion


You were on level 7 of the Dungeon.
You worshipped Gozag.
Gozag was pleased with you.
You were not hungry.

You visited 2 branches of the dungeon, and saw 8 of its levels.
You also visited: Ossuary.

You collected 895 gold pieces.
You paid 64 gold pieces to Gozag.

Inventory:

Hand Weapons
 g - a +1 dagger of draining (weapon)
Armour
 h - a +0 buckler (worn)
 p - the +1 hat "Jiymmit" (worn) {rPois}
   (You found it on level 5 of the Dungeon)

   It protects you from poison.
Jewellery
 f - a +1 ring of protection (left tentacle)
 i - the ring "Peughil" (on tentacle) {rF+ rC+ Str+4 Stlth-}
   (You took it off a crimson imp on level 5 of the Dungeon)

   [ring of protection from cold]

   It affects your strength (+4).
   It protects you from fire.
   It protects you from cold.
   It makes you less stealthy.
 l - a +4 ring of intelligence (right tentacle)
 t - a ring of protection from cold (on tentacle)
 v - a ring of magical power (on tentacle)
 w - the ring "Boaxyr" {Int+3 Dex+3 SInv, unknown}
   (You found it on level 4 of the Dungeon)

   [ring of intelligence]

   It affects your intelligence (+3).
   It affects your dexterity (+3).
   It lets you see invisible.
Scrolls
 c - a scroll of remove curse
 k - 4 scrolls of immolation
 s - a scroll of fear
 y - a scroll of enchant weapon {unknown}
 A - a scroll of noise {unknown}
 B - a scroll of teleportation {unknown}
Potions
 d - 2 potions of degeneration
 e - a potion of cancellation
 j - 6 potions of curing
 m - 2 potions of ambrosia {unknown}
 n - 3 potions of might
 o - 2 potions of flight {unknown}
 q - a potion of resistance {unknown}
 r - 2 potions of brilliance
 u - a potion of heal wounds {unknown}
 x - 2 potions of agility {unknown}
 z - a potion of magic {unknown}
Books
 a - a book of Conjurations

   Spells                             Type                      Level
   a - Magic Dart                     Conjuration                  1
   b - Searing Ray                    Conjuration                  2
   c - Dazzling Spray                 Conjuration/Hexes            3
   d - Fulminant Prism                Conjuration/Hexes            4
   e - Force Lance                    Conjuration/Translocation    4
   f - Iskenderun's Mystic Blast      Conjuration                  4
Comestibles
 b - 13 rations


   Skills:
 - Level 2.0 Dodging
 - Level 2.6 Stealth
 - Level 5.6 Shields
 + Level 6.7 Spellcasting
 - Level 6.6 Conjurations


You had 14 spell levels left.
You knew the following spells:

 Your Spells              Type           Power        Failure   Level  Hunger
a - Magic Dart            Conj           ####         1%          1    None
b - Searing Ray           Conj           #####.       1%          2    None
c - Dazzling Spray        Conj/Hex       ###...       6%          3    None


Dungeon Overview and Level Annotations

Branches:
Dungeon (7/15)             Temple (1/1) D:5

Altars:
Ashenzari
Cheibriados
Dithmenos
Elyvilon
Fedhas
Gozag
Hepliaklqana
Kikubaaqudgha
Makhleb
Nemelex Xobeh
Okawaru
Qazlal
Ru
Sif Muna
Trog
Uskayaw
Vehumet
Wu Jian
Xom
Yredelemnul
The Shining One

Shops:
D:5 :   D:6 [%

Annotations:
D:6 Scuka's ghost, novice GnSk


Innate Abilities, Weirdness & Mutations

You cannot wear most types of armour.
You are very stealthy in the water. (Stealth+)
You are amphibious.
You can wear up to eight rings at the same time.
You can use your tentacles to constrict eight enemies at once.
Your skin changes colour to match your surroundings (Stealth+).
Your rubbery body absorbs attacks. (AC +1, EV +1)


Message History

Aim: a hornet (heavily wounded)
The spray of energy hits the hornet.
The hornet is severely wounded.
The hornet stings you! x2
* * * LOW HITPOINT WARNING * * *
Casting: Dazzling Spray
Confirm with . or Enter, or press ? or * to list all spells.
Aiming: Dazzling Spray
Press: ? - help, Shift-Dir - straight line, f/p - hornet
Aim: a hornet (severely wounded)
The spray of energy hits the hornet.
The hornet is severely wounded.
The hornet stings you.
* * * LOW HITPOINT WARNING * * *
You suddenly lose the ability to move!
You can move again.
Okay, then.
You feel better. The hornet stings you!
You die...
Your body crumbles into a pile of gold.

##.## #.# #.# # $
#.##.##.######.#### .
#.#................ ..
#..#.#..####.#### ##.##
## #.#..# #.#.# #..%..
..#..# ##.#.#
......#######..# #....#
###............###..#.#
......y@####....##....##
#....#.....#..#.##......
#......###.#............
#.............##.##.....
#....####...###.........
..... #...# #.#.#.....
#..# #...# #.#..<.. ...
#.... #.#..... #..##
#.#.##


You could see a hornet.

Vanquished Creatures
  An ice beast (D:5)
  2 ogres (D:5)
  A phantom (D:7)
  2 centaurs (D:5)
  A scorpion (D:5)
  2 crimson imps (D:5)
  A centaur zombie (D:5)
  An orc priest (D:4)
  2 jellies
  3 hounds
  A centaur skeleton (D:5)
  Jessica (D:3)
  A bullfrog skeleton (D:5)
  A gnoll shaman (D:5)
  An iguana (D:4)
  Terence (D:3)
  A worker ant (D:4)
  A killer bee zombie (D:5)
  A big kobold zombie (Ossuary)
  A hound zombie (D:5)
  3 hound skeletons
  8 mummies (Ossuary)
  3 gnolls (D:5)
  A river rat (D:6)
  10 adders
  An ooze (D:3)
  2 adder skeletons
  3 worms
  3 dart slugs (D:3)
  6 leopard geckos
  6 orcs
  4 ball pythons
  6 giant cockroaches
  3 goblins
  9 hobgoblins
  5 quokkas
  6 bats
  6 frilled lizards
  5 hobgoblin zombies (Ossuary)
  A jackal skeleton (D:4)
  7 kobolds
  A kobold zombie (Ossuary)
  A leopard gecko skeleton (D:4)
  An orc zombie (Ossuary)
  9 rats
136 creatures vanquished.

Notes
Turn   | Place    | Note
-------+----------+-------------------------------------------
     0 | D:1      | inc the Octopode Conjurer began the quest for the Orb.
     0 | D:1      | Reached XP level 1. HP: 11/11 MP: 3/3
   257 | D:1      | Reached XP level 2. HP: 17/17 MP: 0/5
   779 | D:2      | Reached XP level 3. HP: 21/21 MP: 2/7
  1011 | D:2      | Reached XP level 4. HP: 22/27 MP: 0/10
  1453 | D:3      | Learned a level 2 spell: Searing Ray
  1615 | D:3      | Reached XP level 5. HP: 24/31 MP: 7/11
  1617 | D:3      | Reached skill level 1 in Shields
  1857 | D:3      | Noticed Terence
  1864 | D:3      | Killed Terence
  2076 | D:3      | Noticed Jessica
  2078 | D:3      | Killed Jessica
  2617 | D:4      | Reached XP level 6. HP: 34/36 MP: 7/12
  2782 | D:5      | Entered Level 5 of the Dungeon
  3036 | D:5      | Reached skill level 5 in Shields
  3045 | D:5      | Found a sacrificial altar of Ru.
  3088 | D:5      | Reached XP level 7. HP: 21/41 MP: 4/13
  3348 | D:5      | Found a staircase to the Ecumenical Temple.
  3364 | Temple   | Entered the Ecumenical Temple
  3410 | Temple   | Became a worshipper of Gozag Ym Sagoz the Greedy
  3558 | D:5      | Found Osipuyggo's Book Shop.
  3615 | D:5      | Reached skill level 5 in Conjurations
  3813 | D:5      | Got a smoking bronze ring
  3884 | D:5      | Reached XP level 8. HP: 46/46 MP: 4/14
  3976 | D:5      | Found a shadowy altar of Dithmenos.
  4239 | D:5      | Got a steaming hat
  4246 | D:5      | Identified the +1 hat "Jiymmit" {rPois} (You found it on level 5 of the Dungeon)
  4247 | D:5      | Identified the ring "Peughil" {rF+ rC+ Str+4 Stlth-} (You took it off a crimson imp on level 5 of the Dungeon)
  4307 | D:5      | Learned a level 3 spell: Dazzling Spray
  4654 | D:4      | Reached skill level 5 in Spellcasting
  4865 | D:4      | Found a radiant altar of Vehumet.
  5096 | D:4      | Got a crude ivory ring
  5537 | D:4      | Found an iron altar of Okawaru.
  5655 | D:6      | Found Wypnul's Armour Shoppe.
  5720 | D:6      | Noticed Scuka's ghost (novice GnSk)
  5739 | D:6      | Found a sand-covered staircase.
  5745 | Ossuary  | Entered an ossuary
  6816 | D:6      | Found Obicha Xyci's Food Shop.
  7189 | D:7      | Noticed a hornet
  7196 | D:7      | HP: 1/46 [hornet (3)]
  7196 | D:7      | Paralysed by a hornet for 1 turns
  7197 | D:7      | Mangled by a hornet

Skill      XL: |  1  2  3  4  5  6  7  8 |
---------------+-------------------------+-----
Spellcasting   | 3 4 6 |  6.7
Shields        | 3 5 |  5.6
Conjurations   | 6 |  6.6
Dodging        | |  2.0
Stealth        | |  2.6

Action                   |  1- 3 |  4- 6 |  7- 9 || total
-------------------------+-------+-------+-------++-------
Melee: Unarmed           |     7 |       |       ||     7
       Constrict         |     2 |     2 |     2 ||     6
       Tentacles         |     1 |       |       ||     1
       Dagger            |     1 |     5 |     2 ||     8
 Cast: Magic Dart        |    53 |    84 |   154 ||   291
       Searing Ray       |       |     8 |    28 ||    36
       Dazzling Spray    |       |       |    11 ||    11
  Use: Scroll            |     2 |     6 |     5 ||    13
       Potion            |       |       |     1 ||     1
 Stab: Sleeping          |       |       |     1 ||     1
  Eat: Chunk             |       |     6 |     2 ||     8
       Ration            |       |       |     4 ||     4
Armor: Skin              |       |     2 |     4 ||     6
Dodge: Dodged            |     9 |    18 |    28 ||    55
Block: Buckler           |       |     5 |    13 ||    18
